 Dungeon Crawl Stone Soup version 0.21.1-1-g345015fe64 (webtiles) character file.

73 Dox the Magician (level 4, 0/30 HPs)
             Began as a Human Wizard on Apr 12, 2018.
             Slain by a sky beast (3 damage)
             ... on level 2 of the Dungeon.
             The game lasted 00:08:46 (3249 turns).

Dox the Magician (Human Wizard)                     Turns: 3249, Time: 00:08:47

Health: 0/30       AC:  2    Str:  8    XL:     4   Next: 51%
Magic:  6/9        EV: 12    Int: 19    God:
Gold:   38         SH:  0    Dex: 11    Spells: 9/10 levels left

rFire    . . .     SeeInvis .   l - +0 dagger
rCold    . . .     Gourm    .   (no shield)
rNeg     . . .     Faith    .   a - +0 robe
rPois    .         Spirit   .   b - +0 hat
rElec    .         Reflect  .   (no cloak)
rCorr    .         Harm     .   (no gloves)
MR       .....                  (no boots)
Stlth    ++........             (no amulet)
HPRegen  0.10/turn              (no ring)
MPRegen  0.11/turn              (no ring)

@: no status effects
A: no striking features
a: no special abilities


You were on level 2 of the Dungeon.
You were not hungry.

You visited 1 branch of the dungeon, and saw 2 of its levels.

You collected 38 gold pieces.

Inventory:

Hand Weapons
 l - a +0 dagger (weapon)
Missiles
 h - 3 stones (quivered)
Armour
 a - a +0 robe (worn)
 b - a +0 hat (worn)
Jewellery
 n - an uncursed ring of fire {unknown}
Scrolls
 f - a scroll of fear {unknown}
 i - 2 scrolls of teleportation {unknown}
 j - a scroll of identify {unknown}
 k - a scroll of remove curse {unknown}
 o - a scroll of enchant weapon {unknown}
Potions
 e - 3 potions of curing {unknown}
 g - a potion of resistance {unknown}
 m - a potion of invisibility {unknown}
Books
 c - a book of Minor Magic

   Spells                             Type                      Level
   a - Magic Dart                     Conjuration                  1
   b - Blink                          Translocation                2
   c - Call Imp                       Summoning                    2
   d - Slow                           Hexes                        2
   e - Conjure Flame                  Conjuration/Fire             3
   f - Mephitic Cloud                 Conjuration/Poison/Air       3
Comestibles
 d - 3 rations
 p - a chunk of flesh


   Skills:
 + Level 0.1 Fighting
 + Level 2.4 Dodging
 - Level 2.0 Stealth
 + Level 3.9 Spellcasting
 * Level 2.3 Conjurations
   Level 1.0 Summonings
   Level 1.0 Translocations


You had 9 spell levels left.
You knew the following spells:

 Your Spells              Type           Power        Failure   Level  Hunger
a - Magic Dart            Conj           ##..         5%          1    None


Dungeon Overview and Level Annotations

Branches:
Dungeon (2/15)

Altars:


Message History

You barely miss the bat.
The bat is heavily wounded.
The bat barely misses you.
You hit the bat.
You kill the bat!
A sky beast appears from thin air!
Reactivating autopickup.
The sky beast flickers out of sight!
Deactivating autopickup; reactivate with Ctrl-A.
A sky beast appears from thin air!
Reactivating autopickup.
The sky beast hits you.
* * * LOW HITPOINT WARNING * * *
The sky beast shocks you.
* * * LOW HITPOINT WARNING * * *
Unknown command.
The sky beast flickers out of sight!
Deactivating autopickup; reactivate with Ctrl-A.
Something hits you.
You die...

#.# #......#..
#####.#####......#..
#<..................
#####.#####.........
#...............
###########.....
#.......###.#.
#######.#####.###.#.
#..@[...# #.....#.
##.################.
#g##.#.#...#.#.# #.
#.###.#..#..#.## #.
#.##.#.g###.)#.# #.
#.###..##.##..## #.
##.##..##...##..###.
#...#...g....##g..#.
###.#.(##...##..#...


You could see a hobgoblin.

Vanquished Creatures
  An adder (D:2)
  An ooze (D:2)
  2 worms (D:2)
  2 dart slugs
  4 leopard geckos
  8 bats
  2 giant cockroaches (D:2)
  4 goblins
  3 hobgoblins (D:2)
  7 jackals (D:2)
  A kobold (D:2)
  2 quokkas (D:2)
  2 frilled lizards
  4 rats
43 creatures vanquished.

Notes
Turn   | Place    | Note
-------+----------+-------------------------------------------
     0 | D:1      | Dox the Human Wizard began the quest for the Orb.
     0 | D:1      | Reached XP level 1. HP: 13/13 MP: 4/4
   379 | D:1      | Reached XP level 2. HP: 16/19 MP: 0/6
  1468 | D:2      | Reached XP level 3. HP: 23/24 MP: 4/8
  2414 | D:2      | Reached XP level 4. HP: 30/30 MP: 5/9
  3181 | D:2      | Noticed a sky beast
  3228 | D:2      | HP: 1/30 [sky beast (6)]
  3249 | D:2      | Slain by a sky beast

Skill      XL: |  1  2  3 |
---------------+----------+-----
Conjurations   | 2 |  2.3
Fighting       | |  0.1
Dodging        | |  2.4
Stealth        | |  2.0
Spellcasting   | |  3.9
Summonings     | |  1.0
Translocations | |  1.0

Action                   |  1- 3 |  4- 6 || total
-------------------------+-------+-------++-------
Melee: Club              |     2 |       ||     2
       Dagger            |    20 |    19 ||    39
Throw: Stone             |     4 |       ||     4
 Cast: Magic Dart        |    99 |    49 ||   148
  Eat: Chunk             |     4 |     3 ||     7
Armor: Robe              |    10 |     9 ||    19
Dodge: Dodged            |    34 |    32 ||    66
